 Dungeon Crawl Stone Soup version 0.15.2 (webtiles) character file.

14349 monstruo the Bludgeoner (level 11, 0/84 HPs)
             Began as a Minotaur Berserker on Nov 17, 2014.
             Was the Champion of Trog.
             Killed by divine providence
             ... invoked by an orc high priest
              (11 damage)
             ... on Level 4 of the Orcish Mines.
             The game lasted 01:33:10 (14910 turns).

monstruo the Bludgeoner (Minotaur Berserker)       Turns: 14910, Time: 01:33:10

HP   0/84        AC 20     Str 22      XL: 11   Next: 87%
MP   4/4         EV  7     Int  3 (4)  God: Trog [******]
Gold 1591        SH  0     Dex 13      Spells:  0 memorised, 10 levels left

rFire  . . .     SeeInvis .     d - +1 great mace (holy)
rCold  . . .     Clarity  .     L - +1 plate armour
rNeg   + . .     rCorr    +     (no shield)
rPois  .         rRot     .     (helmet restricted)
rElec  .         Spirit   .     (no cloak)
SustAb .         Warding  .     (no gloves)
rMut   .         Rnd*Tele +     I - +0 pair of boots
Gourm  .                        b - amulet of resist corrosion
MR     .....                    z - +3 ring of protection
                                F - ring of positive energy

@: not resistant to hostile enchantments, extremely unstealthy
A: retaliatory headbutt, horns 2, teleportitis 1, no device heal 1
a: Burn Spellbooks, Berserk, Trog's Hand, Brothers in Arms, Renounce Religion


You were on level 4 of the Orcish Mines.
You worshipped Trog.
Trog was exalted by your worship.
You were not hungry.

You visited 3 branches of the dungeon, and saw 15 of its levels.

You collected 1619 gold pieces.
You spent 28 gold pieces at shops.

Inventory:

Hand weapons
 d - a +1 great mace of holy wrath (weapon)
 D - a +1 great mace of draining
 H - a +0 whip of pain
 R - a +1 mace of protection
Missiles
 G - 4 steel tomahawks (quivered)
 P - 2 tomahawks
Armour
 C - a +0 large shield
 E - a +2 ring mail of fire resistance
 I - a +0 pair of boots (worn)
 L - a +1 plate armour (worn)
 S - a +0 chain mail of poison resistance
Magical devices
 y - a wand of disintegration (14) {unknown}
Comestibles
 c - 6 bread rations
 g - a beef jerky
 j - 3 meat rations
Scrolls
 e - 3 scrolls of remove curse
 h - 2 scrolls of recharging
 i - 3 scrolls of identify
 k - a scroll of fog {unknown}
 l - a scroll of enchant armour
 p - a scroll of magic mapping {unknown}
 s - a scroll of noise
Jewellery
 b - an amulet of resist corrosion (around neck)
 r - an uncursed ring of protection from magic
 z - a +3 ring of protection (right hand)
 F - a ring of positive energy (left hand)
 J - a -2 ring of evasion
 M - an uncursed ring of positive energy
Potions
 a - a potion of flight
 m - a potion of invisibility {unknown}
 n - a potion of curing
 o - 2 potions of might
 q - a potion of mutation {unknown}
 t - 3 potions of haste {unknown}
 u - a potion of degeneration {unknown}
 v - 4 potions of poison
 w - a potion of agility {unknown}
 x - 2 potions of resistance {unknown}
 A - a potion of restore abilities {unknown}
 K - a potion of magic {unknown}
 N - 2 potions of brilliance {unknown}
 O - a potion of confusion
 Q - a potion of berserk rage {unknown}


   Skills:
 - Level 4.2 Fighting
 + Level 17.8 Maces & Flails
 + Level 11.3 Armour
 - Level 3.1 Dodging
 - Level 6.0 Shields


You had 10 spell levels left.
You didn't know any spells.

Dungeon Overview and Level Annotations

Branches:
Dungeon (10/15)            Temple (1/1) D:4             Orc (4/4) D:9
    Elf (0/3) Orc:4
   Lair: D:8-11

Altars:
Ashenzari
Cheibriados
Dithmenos
Elyvilon
Fedhas
Kikubaaqudgha
Makhleb
Nemelex Xobeh
Okawaru
Qazlal
Sif Muna
Trog
Vehumet
Xom
Yredelemnul
Zin
The Shining One

Shops:
D:7 }   D:8 !


Innate Abilities, Weirdness & Mutations

You reflexively headbutt those who attack you in melee.
You have a pair of horns on your head.
Space occasionally distorts in your vicinity.
Potions and wands are less effective at restoring your health.


Message History

* * * LOW HITPOINT WARNING * * *
The orc high priest mumbles some strange prayers to Beogh against you.
Something smites you!
* * * LOW HITPOINT WARNING * * *
Drink which item? (? for menu, Esc to quit)
You feel better. The orc hits you but does no damage.
Read which item? (? for menu, Esc to quit)
As you read the scroll of teleportation, it crumbles to dust.
You feel strangely unstable. The orc hits you but does no damage.
The smoke demon gestures at you. Something smites you!
* * * LOW HITPOINT WARNING * * *
Things that are here:
a chain mail; a war axe Your surroundings suddenly seem different.
The orc high priest shouts!
The orc high priest utters an invocation to Beogh.
The orc high priest mumbles some strange prayers to Beogh against you.
Something smites you!
You die...

#..##.[(.....(#.#.#.....
#..#.#.#[..........#....
#.#...##.#..............
###.<.#.....#......#....
##.....#....[...........
#......#...)##.#.....##.
#............)<......###
#............[.........#
##.....@......#...##....
####................####..#
#......3.#........).##[<..#
##..................))[.)..
#....o.............##..#.#
#..4................######
##.##[##...........## ###
##.##....##...<...# ###..
#.................###....


You could see a soul eater, an orc high priest and a hellwing.

Vanquished Creatures
  An orc warlord (Orc:4)
  Snorg (Orc:3)
  Nessos (Orc:4)
  2 orc high priests
  A sun demon (Orc:4)
  The ghost of ztt the Ruffian, an experienced TrBe of Trog (D:8)
  An orc knight (Orc:4)
  5 orc sorcerers
  A wyvern (D:8)
  2 wargs
  2 hungry ghosts
  10 ogres
  2 ice beasts
  4 phantoms
  22 orc warriors
  2 centaurs
  Duvessa (D:4)
  A gnoll sergeant (D:8)
  3 giant frogs
  3 scorpions
  A yak skeleton (D:7)
  2 goliath beetles
  Dowan (D:4)
  A giant frog skeleton (D:6)
  2 crimson imps
  3 hounds
  5 jellies
  A gnoll shaman (D:6)
  29 orc wizards
  25 orc priests
  2 iguanas
  7 worker ants
  12 adders
  11 gnolls
  5 shadow imps
  3 giant mites
  A worm (D:3)
  An iguana skeleton (D:8)
  3 giant geckos
  An ooze (D:2)
  125 orcs
  2 ball pythons
  13 bats
  A bat zombie (D:4)
  4 giant cockroaches
  17 goblins
  25 hobgoblins
  14 jackals
  9 quokkas
  8 giant newts
  A goblin skeleton (D:4)
  A hobgoblin zombie (D:5)
  13 kobolds
  An orc zombie (Orc:4)
  15 rats
  3 rat zombies (D:4)
434 creatures vanquished.

Notes
Turn   | Place    | Note
--------------------------------------------------------------
     0 | D:1      | monstruo, the Minotaur Berserker, began the quest for the Orb.
     0 | D:1      | Reached XP level 1. HP: 19/19 MP: 1/1
   152 | D:1      | Reached XP level 2. HP: 21/27 MP: 1/1
   247 | D:1      | Reached skill level 4 in Fighting
   405 | D:1      | Acquired Trog's second power
   605 | D:1      | Reached XP level 3. HP: 28/33 MP: 2/2
  1304 | D:2      | Reached XP level 4. HP: 38/40 MP: 2/2
  1486 | D:2      | Reached skill level 5 in Maces & Flails
  2138 | D:3      | Noticed an ogre
  2182 | D:3      | Killed an ogre
  2182 | D:3      | Reached skill level 6 in Maces & Flails
  2182 | D:3      | Reached XP level 5. HP: 39/46 MP: 2/2
  2597 | D:4      | Reached skill level 7 in Maces & Flails
  2620 | D:4      | Noticed Duvessa
  2623 | D:4      | Noticed Dowan
  2631 | D:4      | Killed Duvessa
  2631 | D:4      | Reached XP level 6. HP: 52/52 MP: 3/3
  2635 | D:4      | Killed Dowan
  2646 | D:4      | Reached skill level 8 in Maces & Flails
  2682 | D:4      | Acquired Trog's third power
  2855 | D:4      | Found a glowing golden altar of the Shining One.
  3031 | D:4      | Found an ancient bone altar of Kikubaaqudgha.
  3251 | D:4      | Found a bloodstained altar of Trog.
  3440 | D:4      | Reached skill level 9 in Maces & Flails
  3440 | D:4      | Reached XP level 7. HP: 53/59 MP: 3/3
  3506 | D:4      | Reached skill level 1 in Shields
  3510 | D:4      | Found a staircase to the Ecumenical Temple.
  3624 | Temple   | Entered the Ecumenical Temple
  3747 | D:5      | Entered Level 5 of the Dungeon
  4137 | D:5      | Reached skill level 10 in Maces & Flails
  4378 | D:5      | Reached XP level 8. HP: 57/66 MP: 3/3
  5108 | D:6      | Reached skill level 5 in Shields
  5445 | D:6      | Reached skill level 11 in Maces & Flails
  5859 | D:6      | Found a radiant altar of Vehumet.
  5859 | D:6      | Found a shattered altar of Ashenzari.
  6318 | D:6      | Reached skill level 12 in Maces & Flails
  6512 | D:7      | Reached XP level 9. HP: 71/71 MP: 4/4
  6523 | D:7      | Found Lytaux's Gadget Shoppe.
  6874 | D:7      | Reached skill level 13 in Maces & Flails
  7382 | D:8      | Received a gift from Trog
  7453 | D:8      | Found Khelistroff's Distillery.
  7472 | D:8      | Bought a potion of confusion for 14 gold pieces
  7472 | D:8      | Bought a potion of poison for 14 gold pieces
  7747 | D:8      | Reached skill level 14 in Maces & Flails
  7782 | D:8      | Noticed ztt's ghost (experienced TrBe)
  7804 | D:8      | Killed ztt's ghost
  7976 | D:8      | Reached skill level 15 in Maces & Flails
  8069 | D:8      | Reached XP level 10. HP: 75/79 MP: 4/4
  8500 | D:9      | Found a staircase to the Orcish Mines.
  8629 | D:9      | Found a shattered altar of Ashenzari.
  9030 | D:9      | Reached skill level 5 in Armour
  9137 | D:9      | Found a glowing silver altar of Zin.
  9409 | D:10     | Entered Level 10 of the Dungeon
  9427 | Orc:1    | Entered Level 1 of the Orcish Mines
 10167 | Orc:3    | Noticed an orc sorcerer
 10182 | Orc:2    | Received a gift from Trog
 10262 | Orc:3    | Paralysed by an orc sorcerer for 7 turns
 10517 | Orc:4    | Entered Level 4 of the Orcish Mines
 10863 | Orc:4    | Found a staircase to the Elven Halls.
 10868 | Orc:4    | Found a burning altar of Makhleb.
 10878 | Orc:4    | Noticed an orc sorcerer
 10887 | Orc:4    | Killed an orc sorcerer
 10997 | Orc:4    | Reached skill level 16 in Maces & Flails
 11350 | Orc:4    | Noticed an orc warlord
 11364 | Orc:4    | Killed an orc warlord
 11364 | Orc:4    | Reached XP level 11. HP: 84/84 MP: 4/4
 11402 | Orc:4    | Noticed an orc sorcerer
 11797 | Orc:3    | Received a gift from Trog
 11807 | Orc:3    | Paralysed by an orc sorcerer for 4 turns
 11816 | Orc:3    | Killed an orc sorcerer
 11950 | Orc:3    | Noticed Snorg
 11967 | Orc:3    | Killed Snorg
 12466 | Orc:4    | Found an iron altar of Okawaru.
 12599 | Orc:4    | Killed an orc sorcerer
 12639 | Orc:4    | Noticed an orc high priest
 12650 | Orc:4    | Noticed a sun demon
 13032 | Orc:4    | Reached skill level 17 in Maces & Flails
 13061 | Orc:4    | Noticed Nessos
 13130 | Orc:4    | Noticed an orc high priest
 13130 | Orc:4    | Noticed an orc knight
 13134 | Orc:4    | Noticed an orc knight
 13151 | Orc:4    | Received a gift from Trog
 13406 | Orc:4    | Killed Nessos
 13406 | Orc:4    | Reached skill level 10 in Armour
 13487 | Orc:4    | Noticed an orc high priest
 13502 | Orc:4    | Gained mutation: Space occasionally distorts in your vicinity. [a neqoxec]
 13748 | Orc:3    | Killed an orc high priest
 13841 | Orc:4    | Noticed an orc sorcerer
 13883 | Orc:4    | Killed an orc sorcerer
 14002 | Orc:4    | Noticed a sun demon
 14006 | Orc:4    | Noticed an ice devil
 14024 | Orc:4    | Killed a sun demon
 14027 | Orc:4    | Noticed a sun demon
 14031 | Orc:4    | Gained mutation: Potions and wands are less effective at restoring your health. [a neqoxec]
 14659 | Orc:4    | Noticed a soul eater
 14662 | Orc:4    | Noticed an orc sorcerer
 14662 | Orc:4    | Killed an orc high priest
 14669 | Orc:4    | Killed an orc knight
 14675 | Orc:4    | Killed an orc sorcerer
 14887 | Orc:4    | Noticed an orc high priest
 14888 | Orc:4    | Noticed a sun demon
 14909 | Orc:4    | Noticed a soul eater
 14910 | Orc:4    | Killed from afar by an orc high priest

Action                   |  1- 3 |  4- 6 |  7- 9 | 10-12 || total
-------------------------+-------+-------+-------+-------++-------
Melee: Mace              |    81 |   153 |   229 |   252 ||   715
       Whip              |       |       |    40 |       ||    40
       Great mace        |       |       |   165 |   363 ||   528
Invok: Berserk           |       |     3 |     7 |    12 ||    22
  Use: Scroll            |       |       |     3 |    19 ||    22
       Potion            |       |       |       |    10 ||    10
  Eat: Chunk             |     1 |    10 |    17 |    17 ||    45
       Fruit             |       |       |     6 |     4 ||    10
       Beef jerky        |       |       |     1 |     1 ||     2
       Bread ration      |       |       |       |     3 ||     3
